 Dungeon Crawl Stone Soup version 0.29.1-13-g9f3cf754e1 (webtiles) character file.

Game seed: 10242376141263068469

11896 theswoord the Frost Mage (level 11, -3/162 HPs)
             Began as a Naga Ice Elementalist on Feb 2, 2023.
             Was a Priest of Cheibriados.
             Killed from afar by a storm dragon (shapeshifter) (23 damage)
             ... with a bolt of lightning
             ... in a Gauntlet.
             The game lasted 00:38:28 (14886 turns).

theswoord the Frost Mage (Naga Ice Elementalist)   Turns: 14886, Time: 00:38:29

Health: -3/162     AC: 37    Str: 18    XL:     11   Next: 84%
Magic:  22/34      EV:  1    Int: 25    God:    Cheibriados [***...]
Gold:   815        SH:  0    Dex: 19    Spells: 7/30 levels left

rFire   . . .      SeeInvis +   k - staff of cold
rCold   + . .      Faith    .   (no shield)
rNeg    . . .      Spirit   .   (body armour currently unavailable)
rPois   +          Reflect  .   (helmet currently unavailable)
rElec   .          Harm     .   (cloak currently unavailable)
rCorr   .          Rampage  .   (gloves currently unavailable)
Will    ++...      NoTele   +   (no barding)
Stlth   +++.......              (no amulet)
HPRegen 0.37/turn               J - ring of magical power
MPRegen 0.24/turn               (no ring)

@: mighty, ice-armoured, tree-form, studying Throwing, unable to drink, very
slow
A: stationary, stasis, torment immunity, boosted hp, AC +3, large, see
invisible, (deformed body), (poison resistance), (slowness 2), spit poison 1,
(naga tail 1), dopey 2, strong-willed 1, inability to drink after injury 1
a: Spit Poison, Renounce Religion, Bend Time, Temporal Distortion


You were in a Gauntlet.
You worshipped Cheibriados.
Cheibriados was most pleased with you.
You were a tree.
You visited 3 branches of the dungeon, and saw 12 of its levels.
You also visited: Gauntlet.

You collected 957 gold pieces.
You spent 142 gold pieces at shops.

Inventory:

Hand Weapons
 e - a +0 hand axe
 g - a +1 dagger of venom
 x - a +1 trident of holy wrath
 F - the +8 demon blade "Leech" {vamp, Harm Drain rN+}
   (You found it on level 1 of the Lair of Beasts)

   It heals its wielder for a portion of the damage dealt every time it strikes
   a living foe.
   rN:        It protects you from negative energy.
   Drain:     It drains your maximum health when unequipped.
   Harm:      It increases damage dealt and taken.
Armour
 a - a +0 robe
 b - a +1 ring mail of fire resistance
 o - a +1 helmet (melded)
 s - the +1 robe of Jior {Dex+5}
   (You found it on level 6 of the Dungeon)

   Dex:       It affects your dexterity (+5).
 t - the +0 robe of Pumm (melded) {rElec rCorr Str+6}
   (You bought it in a shop on level 4 of the Dungeon)

   Str:       It affects your strength (+6).
   rElec:     It insulates you from electricity.
   rCorr:     It protects you from acid and corrosion.
 A - a +0 cloak (melded)
 B - a +0 helmet of see invisible
Magical Staves
 k - a staff of cold (weapon)
Jewellery
 u - an amulet of guardian spirit
 w - a ring of flight
 J - a ring of magical power (left branch)
Wands
 c - a wand of mindburst (5)
 n - a wand of iceblast (2)
 q - a wand of charming (21)
 y - a wand of flame (7)
Scrolls
 h - a scroll of blinking
 i - 2 scrolls of poison
 j - 2 scrolls of butterflies
 l - 6 scrolls of teleportation
 r - 2 scrolls of amnesia
 v - 2 scrolls of fear
 z - 4 scrolls of identify
 C - 4 scrolls of enchant weapon
Potions
 d - 2 potions of curing
 f - 3 potions of flight
 m - 3 potions of haste
 p - a potion of attraction
 D - 2 potions of brilliance
 H - a potion of magic


   Skills:
 + Level 10.0 Fighting
 - Level 1.5 Dodging
 - Level 3.0 Stealth
 + Level 10.1 Spellcasting
 + Level 11.5 Ice Magic
 + Level 4.0 Invocations


You had 7 spell levels left.
You knew the following spells:

 Your Spells              Type           Power      Damage    Failure   Level
a - Freeze                Ice            100%       1d11      1%          1
b - Frozen Ramparts       Ice            100%       1d16      1%          3
c - Ozocubu's Armour      Ice            81%        N/A       1%          3
d - Ozocubu's Refrigerat  Ice            40%        4d16      36%         7
e - Hailstorm             Conj/Ice       58%        3d13      4%          4
f - Freezing Cloud        Conj/Ice/Air   23%        6-21      28%         5

Your spell library contained the following spells:

 Spells                   Type           Power      Damage    Failure   Level
 Foxfire                  Conj/Fire      48%        2x1d6     4%          1
 Magic Dart               Conj           48%        1d5       4%          1
 Call Imp                 Summ           12%        N/A       8%          2
 Sublimation of Blood     Necr           12%        N/A       8%          2
 Wereblood                Tmut           12%        N/A       8%          2
 Conjure Flame            Conj/Fire      12%        6-21      14%         3
 Dazzling Flash           Conj/Hex       24%        N/A       14%         3
 Gell's Gravitas          Tloc           12%        N/A       14%         3
 Ignite Poison            Fire/Tmut/Pois 12%        N/A       14%         3
 Inner Flame              Hex/Fire       12%        N/A       14%         3
 Mephitic Cloud           Conj/Pois/Air  12%        N/A       14%         3
 Teleport Other           Tloc           12%        N/A       14%         3
 Flame Wave               Conj/Fire      12%        2d6       43%         4
 Iskenderun's Mystic Bla  Conj/Tloc      12%        2d5       43%         4
 Petrify                  Tmut/Erth      12%        N/A       43%         4
 Sticky Flame             Conj/Fire      12%        2d4       43%         4
 Irradiate                Conj/Tmut      6%         3d13      80%         5
 Dispersal                Tloc           6%         N/A       100%        6
 Starburst                Conj/Fire      6%         6d4       100%        6
 Malign Gateway           Summ/Tloc      6%         N/A       100%        7
 Summon Hydra             Summ           6%         N/A       100%        7
 Summon Horrible Things   Summ           6%         N/A       100%        8


Dungeon Overview and Level Annotations

Branches:
Dungeon (9/15)             Temple (1/1) D:7            Lair (2/5) D:8
 Spider (0/4) Lair:2      Gauntlet (1/1)
  Swamp: Lair:2-3    Shoals: Lair:2-3       Orc: D:9-12

Altars:
Ashenzari
Cheibriados
Dithmenos
Elyvilon
Fedhas
Hepliaklqana
Kikubaaqudgha
Makhleb
Nemelex Xobeh
Okawaru
Qazlal
Sif Muna
Trog
Uskayaw
Vehumet
Wu Jian
Xom
Yredelemnul
Zin
The Shining One

Shops:
D:2 [   D:4 [   D:8 *

Annotations:
D:3 2 transporters, Andromeda's ghost, amateur HOBe Gauntlet 11 transporters, exclusion: ice statue


Innate Abilities, Weirdness & Mutations

You are a tree.
Your roots penetrate the ground, keeping you stationary.
You cannot be teleported.
You are immune to unholy pain and torment.
Your maximum health is greatly increased.
Your equipment is partially melded.
((Your serpentine skin is tough. (AC +3)))
You have supernaturally acute eyesight. (SInv)
((Armour fits poorly on your strangely shaped body.))
((Your system is resistant to poisons. (rPois)))
((You cover ground very slowly.))
You can spit poison.
((You have a snake-like lower body.))
You are very dopey. (Int -4)
You are strong-willed. (Will+)
You occasionally lose the ability to drink potions when taking damage.


Message History

The dire elephant changes into a stone giant!
The azure jelly resists.
The wall freezes the azure jelly.
The azure jelly completely misses you.
The azure jelly hits you but does no damage. x3
Unknown command.
Okay, then.
Okay, then.
You feel better.
The wall freezes the azure jelly but does no damage.
The azure jelly hits you but does no damage.
The azure jelly hits you.
* * * LOW HITPOINT WARNING * * *
The azure jelly freezes you! You resist.
* * * LOW HITPOINT WARNING * * *
The azure jelly hits you but does no damage. x2
Okay, then.
You cannot blink because you are held in place by your roots.
You cannot move.
You cannot move.
You feel better.
The wall freezes the stone giant.
The stone giant hits you but does no damage.
The azure jelly resists.
The wall freezes the azure jelly.
The azure jelly hits you but does no damage. x4
You hit the azure jelly! You freeze the azure jelly.
The azure jelly is moderately wounded.
The azure jelly changes into a storm dragon!
The stone giant changes into a fenstrider witch!
The fenstrider witch changes into a quicksilver dragon!
Okay, then.
The flow of time bends around you.
The storm dragon easily resists.
The quicksilver dragon resists with some effort.
The frozen ramparts melt away.
The quicksilver dragon bites you!
* * * LOW HITPOINT WARNING * * *
The quicksilver dragon barely misses you.
The storm dragon breathes lightning at you.
The bolt of lightning hits you!
* * * LOW HITPOINT WARNING * * *
The bolt of lightning hits you!!
You feel threatened and lose the ability to drink potions!
You die...

..©#.....≈.....#©...........©#...
####....≈8≈....#######.#######...
.........≈...........#.#........#
########...###########.#........#
©≈≈555p#...#ms.#.#...#.#..#######
≈..≈≈≈5#...#l.#...#..#.#..#8#
.≈..≈.≈#...#[##...##.#.#..###
≈.≈≈...#...#..##D#..##.#..#
≈..≈..©#...#©.#.♣D...#©#..###
..≈≈.≈?#...#!.##.#..####..#8#
≈≈..≈..#...#=##...##.#....###
≈.≈≈.≈≈#...#..#...#..#....#
..≈...p#...#...#.#...#..###
########...###########..#8#
...#©#.......#©#........###
...#.#..≈∩≈..#.#.......≈#
####.#########.##########


You could see a storm dragon shaped shifter (catching breath) and a quicksilver
dragon shaped shifter.

Vanquished Creatures
  A centaur warrior (D:9)
  2 black mambas (Lair:1)
  Joseph (D:7)
  2 cane toads (Lair:1)
  Maggie (D:7)
  An efreet (Gauntlet)
  A komodo dragon (D:8)
  17 yaks
  3 fire elementals (Gauntlet)
  A large abomination (Gauntlet)
  A basilisk (Lair:2)
  A steam dragon (D:8)
  15 water moccasins
  3 hell hounds (Gauntlet)
  Duvessa (D:7)
  2 ice beasts
  An orc warrior (D:8)
  A sky beast (D:6)
  3 black bears
  2 ogres
  5 wolves
  Blork the orc (D:4)
  11 bullfrogs
  A necrophage (D:5)
  5 small abominations (Gauntlet)
  A gnoll sergeant (D:8)
  4 scorpions
  2 wights
  Dowan (D:7)
  3 howler monkeys
  A crimson imp (D:5)
  A jelly (D:8)
  A hound (D:5)
  Crazy Yiuf (D:7)
  6 iguanas
  Jessica (D:3)
  An iguana (shapeshifter) (Gauntlet)
  2 orc wizards (D:7)
  Terence (D:3)
  Robin (D:3)
  10 gnolls
  14 adders
  An ufetubus (D:5)
  2 worms (D:2)
  2 dart slugs (D:2)
  13 orcs
  2 bats
  3 endoplasms
  A giant cockroach (D:2)
  9 goblins
  7 hobgoblins
  2 jackals (D:5)
  3 kobolds
  7 quokkas
  5 ball pythons
  A frilled lizard (D:3)
  4 rats
196 creatures vanquished.

Vanquished Creatures (collateral kills)
  A phantom (D:7)
  A gnoll bouda (D:7)
2 creatures vanquished.

Vanquished Creatures (others)
  45 fungi
  50 plants
95 creatures vanquished.

Grand Total: 293 creatures vanquished

Notes
Turn   | Place    | Note
-------+----------+-------------------------------------------
     0 | D:1      | theswoord the Naga Ice Elementalist began the quest for the
                  | Orb.
     0 | D:1      | Reached XP level 1. HP: 15/15 MP: 3/3
  1410 | D:2      | Reached XP level 2. HP: 19/22 MP: 5/5
  1621 | D:2      | Found Qubbajuh's Antique Armour Boutique.
  1717 | D:2      | Reached XP level 3. HP: 19/28 MP: 7/7
  1721 | D:2      | Learned a level 3 spell: Frozen Ramparts
  1725 | D:2      | Learned a level 3 spell: Ozocubu's Armour
  2324 | D:3      | Noticed Terence
  2325 | D:3      | Noticed Jessica
  2335 | D:3      | Killed Jessica
  2336 | D:3      | Reached XP level 4. HP: 11/36 MP: 1/8
  2337 | D:3      | Killed Terence
  2338 | D:3      | Reached skill level 5 in Ice Magic
  2550 | D:3      | Found a faded altar of an unknown god.
  2763 | D:3      | Noticed Robin
  2777 | D:3      | Killed Robin
  2778 | D:3      | Reached XP level 5. HP: 38/42 MP: 1/10
  3074 | D:3      | Found a transporter.
  3074 | D:3      | Noticed Andromeda's ghost (amateur HOBe)
  3074 | D:3      | Identified the +8 great mace "Wiuss" {speed, rPois Will+
                  | Dex+4}
  3074 | D:3      | Noticed an ogre
  3076 | D:3      | Noticed an ogre
  3077 | D:3      | Found a transporter.
  3770 | D:4      | Found a basalt altar of Yredelemnul.
  3919 | D:4      | Reached skill level 1 in Fighting
  3919 | D:4      | Reached XP level 6. HP: 32/51 MP: 7/12
  4204 | D:4      | Found Hukoyd's Antique Armour Shop.
  4221 | D:4      | Bought a slimy robe for 142 gold pieces
  4221 | D:4      | Identified the +0 robe of Pumm {rElec rCorr Str+6} (You
                  | bought it in a shop on level 4 of the Dungeon)
  4433 | D:4      | Noticed Blork the orc
  4438 | D:4      | Killed Blork the orc
  4771 | D:5      | Entered Level 5 of the Dungeon
  4910 | D:5      | Found a burning altar of Makhleb.
  4996 | D:5      | Reached skill level 6 in Ice Magic
  5180 | D:5      | Reached XP level 7. HP: 53/61 MP: 6/14
  5538 | D:5      | Reached skill level 5 in Spellcasting
  5782 | D:5      | Reached XP level 8. HP: 69/72 MP: 13/15
  5809 | D:5      | Found a glowing silver altar of Zin.
  6041 | D:6      | Found a sparkling altar of Nemelex Xobeh.
  6132 | D:6      | Identified the +1 robe of Jior {Dex+5}
  6143 | D:6      | Reached skill level 7 in Ice Magic
  7024 | D:7      | Found a staircase to the Ecumenical Temple.
  7036 | Temple   | Entered the Ecumenical Temple
  7097 | Temple   | Became a worshipper of Cheibriados the Contemplative
  7179 | D:7      | Found a shadowy altar of Dithmenos.
  7188 | D:7      | Noticed Duvessa
  7188 | D:7      | Noticed Dowan
  7346 | D:7      | Killed Dowan
  7390 | D:7      | Killed Duvessa
  7391 | D:7      | Reached skill level 5 in Fighting
  7676 | D:7      | Noticed Maggie
  7686 | D:7      | Killed Maggie
  7686 | D:7      | Noticed Joseph
  7687 | D:7      | Reached skill level 8 in Ice Magic
  7687 | D:7      | Reached XP level 9. HP: 33/81 MP: 7/18
  7696 | D:7      | Killed Joseph
  8231 | D:7      | Identified the +6 hammer "Giantslayer" {venom, *Rage rElec
                  | rPois Dex+2}
  8233 | D:7      | Identified the +7 hammer "Niachi" {protect, Will+++ Str+3
                  | Int-5 Dex-5}
  8287 | D:7      | Found an iron altar of Okawaru.
  8378 | D:7      | Found a runed translucent door.
  8388 | D:7      | Noticed Crazy Yiuf
  8407 | D:7      | Killed Crazy Yiuf
  9412 | D:8      | Noticed a komodo dragon
  9424 | D:8      | Killed a komodo dragon
  9425 | D:8      | Reached skill level 9 in Ice Magic
  9427 | D:8      | Reached * piety under Cheibriados
  9429 | D:8      | Reached XP level 10. HP: 83/94 MP: 12/21
  9492 | D:8      | You fall into a shaft and drop 1 floor!
  9765 | D:9      | Learned a level 7 spell: Ozocubu's Refrigeration
  9770 | D:9      | Learned a level 4 spell: Hailstorm
 10072 | D:8      | Found a staircase to the Lair.
 10086 | D:8      | Reached skill level 10 in Ice Magic
 10094 | D:8      | Reached ** piety under Cheibriados
 10124 | D:8      | Gained mutation: You are dopey. (Int -2) [potion of
                  | mutation]
 10124 | D:8      | Gained mutation: You occasionally lose the ability to drink
                  | potions when taking damage. [potion of mutation]
 10124 | D:8      | Gained mutation: You are very dopey. (Int -4) [potion of
                  | mutation]
 10124 | D:8      | Gained mutation: You are strong-willed. (Will+) [potion of
                  | mutation]
 11144 | D:8      | Found a hide-covered altar of Uskayaw.
 11150 | D:8      | Found Xuigoham's Serpentskin Sales.
 11540 | D:9      | Noticed a centaur warrior
 11558 | D:9      | Reached XP level 11. HP: 43/104 MP: 14/24
 11559 | D:9      | Killed a centaur warrior
 12351 | Lair:1   | Entered Level 1 of the Lair of Beasts
 12351 | Lair:1   | Found the +8 demon blade "Leech" {vamp, Harm Drain rN+}
 12412 | Lair:1   | Reached *** piety under Cheibriados
 12596 | Lair:1   | Reached skill level 11 in Ice Magic
 12596 | Lair:1   | Reached skill level 1 in Invocations
 13648 | Lair:2   | Found a gate leading to a gauntlet.
 13657 | Gauntlet | Entered a Gauntlet
 13657 | Gauntlet | Found a transporter.
 13657 | Gauntlet | Found a transporter.
 13683 | Gauntlet | Found a transporter.
 13683 | Gauntlet | Found a transporter.
 13686 | Gauntlet | Noticed a death yak
 13686 | Gauntlet | Noticed a death yak
 13687 | Gauntlet | Noticed a death yak
 13689 | Gauntlet | Noticed a white ugly thing
 13692 | Gauntlet | Found a transporter.
 13697 | Gauntlet | Noticed a great orb of eyes
 13713 | Gauntlet | Found a transporter.
 13718 | Gauntlet | Noticed a shock serpent
 13721 | Gauntlet | Found a transporter.
 13721 | Gauntlet | Found a transporter.
 13721 | Gauntlet | Noticed a sea snake
 13722 | Gauntlet | Noticed a wizard
 13725 | Gauntlet | Found a transporter.
 13727 | Gauntlet | Noticed a shining eye
 13727 | Gauntlet | a dream sheep changed into a shining eye
 13729 | Gauntlet | Noticed a mana viper
 13729 | Gauntlet | a shining eye changed into a mana viper
 13731 | Gauntlet | Noticed a glowing shapeshifter
 13731 | Gauntlet | a mana viper changed into a glowing shapeshifter
 13732 | Gauntlet | a glowing shapeshifter changed into a slime creature
 13733 | Gauntlet | Noticed a spark wasp
 13733 | Gauntlet | a slime creature changed into a spark wasp
 13734 | Gauntlet | Noticed a faun
 13734 | Gauntlet | a sea snake changed into a faun
 13736 | Gauntlet | Noticed a fire dragon
 13736 | Gauntlet | a spark wasp changed into a fire dragon
 13737 | Gauntlet | Noticed a death drake
 13737 | Gauntlet | a faun changed into a death drake
 13737 | Gauntlet | Noticed a seven-headed hydra
 13737 | Gauntlet | a fire dragon changed into a seven-headed hydra
 13739 | Gauntlet | Noticed a satyr
 13739 | Gauntlet | a seven-headed hydra changed into a satyr
 13740 | Gauntlet | Noticed a wolf spider
 13740 | Gauntlet | a satyr changed into a wolf spider
 13742 | Gauntlet | a wolf spider changed into a tyrant leech
 13743 | Gauntlet | a death drake changed into a merfolk
 13744 | Gauntlet | Noticed a wizard
 13745 | Gauntlet | Noticed a boulder beetle
 13745 | Gauntlet | a tyrant leech changed into a boulder beetle
 13745 | Gauntlet | Noticed a wolf spider
 13745 | Gauntlet | a boulder beetle changed into a wolf spider
 13746 | Gauntlet | a wolf spider changed into an eye of devastation
 13750 | Gauntlet | Noticed a two-headed ogre
 13750 | Gauntlet | a redback changed into a two-headed ogre
 13751 | Gauntlet | a two-headed ogre changed into an elephant
 13752 | Gauntlet | Found a transporter.
 13752 | Gauntlet | Noticed a two-headed ogre
 13752 | Gauntlet | an elephant changed into a two-headed ogre
 13756 | Gauntlet | Noticed a sea snake
 13756 | Gauntlet | a two-headed ogre changed into a sea snake
 13756 | Gauntlet | a sea snake changed into a water nymph
 13760 | Gauntlet | Noticed a swamp dragon
 13760 | Gauntlet | a water nymph changed into a swamp dragon
 13761 | Gauntlet | Noticed a manticore
 13761 | Gauntlet | a swamp dragon changed into a manticore
 13762 | Gauntlet | a manticore changed into a meliai
 13763 | Gauntlet | Noticed a moth of wrath
 13763 | Gauntlet | a yaktaur changed into a moth of wrath
 13765 | Gauntlet | Found a transporter.
 13767 | Gauntlet | Noticed a cyclops
 13769 | Gauntlet | a cyclops changed into a komodo dragon
 13805 | Gauntlet | Found a transporter.
 13820 | Gauntlet | Found a transporter.
 13836 | Gauntlet | Found a transporter.
 13836 | Gauntlet | Noticed a reaper
 13937 | Gauntlet | Found a transporter.
 13953 | Gauntlet | Found a transporter.
 13970 | Gauntlet | Noticed a salamander
 13973 | Gauntlet | Noticed a faun
 13976 | Gauntlet | Noticed a deep troll
 13976 | Gauntlet | a faun changed into a deep troll
 13976 | Gauntlet | Noticed a faun
 13976 | Gauntlet | a deep troll changed into a faun
 13978 | Gauntlet | Noticed a wolf spider
 13978 | Gauntlet | a faun changed into a wolf spider
 13980 | Gauntlet | Noticed a radroach
 13980 | Gauntlet | a wolf spider changed into a radroach
 13982 | Gauntlet | Noticed an ettin
 13982 | Gauntlet | a radroach changed into an ettin
 13983 | Gauntlet | Noticed a manticore
 13985 | Gauntlet | an ettin changed into a slime creature
 13985 | Gauntlet | Noticed an alligator
 13985 | Gauntlet | a slime creature changed into an alligator
 13986 | Gauntlet | Noticed a fire dragon
 13986 | Gauntlet | an alligator changed into a fire dragon
 13986 | Gauntlet | Noticed a wolf spider
 13986 | Gauntlet | a fire dragon changed into a wolf spider
 14055 | Gauntlet | Reached skill level 10 in Spellcasting
 14066 | Gauntlet | Learned a level 5 spell: Freezing Cloud
 14446 | Gauntlet | Reached **** piety under Cheibriados
 14447 | Gauntlet | Reached skill level 10 in Fighting
 14827 | Gauntlet | Noticed a ghost moth
 14832 | Gauntlet | Noticed a storm dragon
 14832 | Gauntlet | a ghost moth changed into a storm dragon
 14847 | Gauntlet | Noticed an entropy weaver
 14849 | Gauntlet | Noticed a boulder beetle
 14849 | Gauntlet | an entropy weaver changed into a boulder beetle
 14850 | Gauntlet | Noticed an alligator
 14850 | Gauntlet | a boulder beetle changed into an alligator
 14850 | Gauntlet | Noticed a great orb of eyes
 14850 | Gauntlet | an alligator changed into a great orb of eyes
 14851 | Gauntlet | Noticed a goliath frog
 14851 | Gauntlet | a great orb of eyes changed into a goliath frog
 14855 | Gauntlet | Noticed an entropy weaver
 14855 | Gauntlet | a goliath frog changed into an entropy weaver
 14855 | Gauntlet | Noticed a minotaur
 14855 | Gauntlet | an entropy weaver changed into a minotaur
 14856 | Gauntlet | Noticed an azure jelly
 14856 | Gauntlet | a storm dragon changed into an azure jelly
 14857 | Gauntlet | Noticed a storm dragon
 14868 | Gauntlet | Noticed an azure jelly
 14868 | Gauntlet | a storm dragon changed into an azure jelly
 14871 | Gauntlet | Noticed a stone giant
 14871 | Gauntlet | an azure jelly changed into a stone giant
 14872 | Gauntlet | Noticed a stone giant
 14872 | Gauntlet | an azure jelly changed into a stone giant
 14873 | Gauntlet | Noticed a shadow dragon
 14873 | Gauntlet | a stone giant changed into a shadow dragon
 14873 | Gauntlet | Noticed a stone giant
 14873 | Gauntlet | a shadow dragon changed into a stone giant
 14879 | Gauntlet | Noticed a quicksilver dragon
 14879 | Gauntlet | a stone giant changed into a quicksilver dragon
 14881 | Gauntlet | Noticed an azure jelly
 14881 | Gauntlet | a stone giant changed into an azure jelly
 14881 | Gauntlet | Noticed a dire elephant
 14881 | Gauntlet | a quicksilver dragon changed into a dire elephant
 14882 | Gauntlet | Noticed a stone giant
 14882 | Gauntlet | a dire elephant changed into a stone giant
 14885 | Gauntlet | Noticed a storm dragon
 14885 | Gauntlet | an azure jelly changed into a storm dragon
 14885 | Gauntlet | Noticed a fenstrider witch
 14885 | Gauntlet | a stone giant changed into a fenstrider witch
 14885 | Gauntlet | Noticed a quicksilver dragon
 14885 | Gauntlet | a fenstrider witch changed into a quicksilver dragon
 14886 | Gauntlet | Killed from afar by a storm dragon (shapeshifter)

Skill      XL: |  1  2  3  4  5  6  7  8  9 10 11 |
---------------+----------------------------------+-----
Spellcasting   | 3 4 5 6 7 9 10 | 10.1
Ice Magic      | 5 6 8 9 10 11 | 11.5
Fighting       | 1 2 3 5 7 8 10 | 10.0
Invocations    | 4 |  4.0
Dodging        | |  1.5
Stealth        | |  3.0

Action                   |  1- 3 |  4- 6 |  7- 9 | 10-12 || total
-------------------------+-------+-------+-------+-------++-------
Melee: Hand axe          |    15 |       |       |       ||    15
       Unarmed           |     5 |       |       |       ||     5
       Dagger            |    30 |       |    17 |       ||    47
       Staff             |     3 |    74 |   107 |   130 ||   314
       Punch             |       |     1 |     1 |     1 ||     3
 Cast: Freeze            |    11 |    27 |    48 |    76 ||   162
       Frozen Ramparts   |     2 |     7 |    19 |    23 ||    51
       Ozocubu's Armour  |     1 |     3 |    12 |    15 ||    31
       Hailstorm         |       |       |       |     2 ||     2
Invok: Bend Time         |       |       |       |     2 ||     2
       Slouch            |       |       |       |     1 ||     1
 Abil: Spit Poison       |       |     2 |     6 |     5 ||    13
  Use: Potion            |     2 |       |     5 |    11 ||    18
       Scroll            |       |    10 |     5 |     8 ||    23
 Stab: Sleeping          |     2 |       |     3 |     1 ||     6
       Distracted        |     1 |       |       |       ||     1
Armor: Robe              |    11 |    35 |    77 |   168 ||   291
       Skin              |       |       |    17 |    41 ||    58
Dodge: Dodged            |    28 |    41 |    93 |   180 ||   342

Levels and vault maps discovered:
D:1:      minmay_arrival_pointy, layout_basic, serial_forest,
          infiniplex_forest_clump_diagonal, infiniplex_forest_lined_2,
          infiniplex_forest_straight_2, infiniplex_forest_clump_medium,
          infiniplex_forest_clump_diagonal, infiniplex_forest_zigzag_1,
          infiniplex_forest_clump_double
D:2:      layout_basic, serial_shops, shop
D:3:      layout_basic, shapermc_ecumenical_altar_acropolis,
          gammafunk_ghost_smash, kennysheep_generic_room_12, uniq_jessica,
          uniq_terence, uniq_robin
D:4:      layout_basic, mainiacjoe_overflow_concentric_impassable, serial_shops,
          nicolae_lakefront_shop, uniq_blork_the_orc
D:5:      minmay_polygon_palace, layout_basic, makhleb_grotto_becter,
          zin_academy
D:6:      layout_loops_ring, mainiacjoe_overflow_boulevard, amethyst_killhole
D:7:      layout_cave_pods, kennysheep_mini, okawaru_trees_2, temple_fountains,
          minmay_tree_intersection, uniq_crazy_yiuf_cottage, uniq_joseph,
          uniq_duvessa, uniq_maggie
D:8:      layout_cave_pods, nicolae_uskayaw_suspiria,
          due_lair_maze_entry_diamond, guppyfry_shop_venom
D:9:      layout_irregular_city, st_stairs_10
Temple:   regret_index_temple_waves
Lair:1:   layout_small_grid
Lair:2:   layout_loops_ring, spider_nest_entry_a, gauntlet_entry_generic,
          nicolae_volcano_entry_s_turn, chequers_serial_rivers_micro_c,
          nicolae_quartered_pool_super, grunt_megastairs_3, serial_bayou_shore_b
Gauntlet: gammafunk_gauntlet_branching [nicolae_gauntlet_arena_grate_2,
          gammafunk_gauntlet_arena_split_diamond, gammafunk_gauntlet_arena_grid,
          gammafunk_gauntlet_arena_open, gammafunk_gauntlet_arena_teeth,
          gammafunk_gauntlet_arena_corners, nicolae_gauntlet_arena_flowing_pool,
          gammafunk_gauntlet_arena_chambers, gauntlet_exit_green]
